 Dungeon Crawl Stone Soup version 0.12.2-18-gb8c16a5 (webtiles) character file.

97 Rycklaryybbe the Skirmisher (level 3, 0/28 HPs)
             Began as a Demonspawn Chaos Knight on Aug 17, 2013.
             Was a Plaything of Xom.
             Succumbed to a kobold's poison
             ... while paralysed by a potion of paralysis
             ... on Level 2 of the Dungeon.
             The game lasted 00:02:46 (1216 turns).

Rycklaryybbe the Skirmisher (DsCK)                  Turns: 1216, Time: 00:02:46

HP   0/28        AC  8     Str 13      XL: 3   Next: 25%
MP   3/3         EV  2     Int 13      God: Xom
Gold 59          SH  0     Dex 12      Spells:  0 memorised,  2 levels left

Res.Fire  : . . .   See Invis. : +   t - +2,+4 elf dagger (venom)
Res.Cold  : . . .   Warding    : .   b - +2 leather armour
Life Prot.: . . .   Conserve   : .   (no shield)
Res.Poison: .       Res.Corr.  : .   f - +0 helmet
Res.Elec. : .       Clarity    : .   (no cloak)
Sust.Abil.: . .     Spirit.Shd : .   (no gloves)
Res.Mut.  : .       Stasis     : .   (no boots)
Res.Rott. : .       Ctrl.Telep.: .   (no amulet)
Saprovore : . . .   Flight     : .   (no ring)
                                     d - ring of see invisible {unknown}

@: paralysed, quite poisoned, not resistant to hostile enchantments, unstealthy
A: AC +2
a: Renounce Religion


You were on level 2 of the Dungeon.
You worshipped Xom.
You were a beloved toy of Xom.
You were not hungry.

You visited 1 branch of the dungeon, and saw 2 of its levels.

You collected 39 gold pieces.

Inventory:

Hand weapons
 a - a +2,+2 hand axe {=f}
 m - a +0,+2 dagger of freezing
 t - a +2,+4 elven dagger of venom (weapon)
Missiles
 l - a throwing net (quivered)
Armour
 b - a +2 leather armour (worn)
 f - a +0 helmet (worn)
Comestibles
 c - a bread ration
 g - 2 chokos
 j - 3 apples
 o - a meat ration
 r - 2 chunks of goblin flesh
Scrolls
 h - 2 scrolls of identify {unknown}
 i - a scroll of teleportation {unknown}
 p - 3 scrolls of remove curse {unknown}
 q - a scroll of random uselessness {unknown}
 s - a scroll of curse jewellery {unknown}
Jewellery
 d - a ring of see invisible (left hand) {unknown}
Potions
 e - a potion of paralysis
 k - a potion of heal wounds {unknown}
 n - a potion of curing {unknown}


   Skills:
 - Level 3.0 Fighting
 - Level 2.6 Axes
 - Level 1.7 Armour
 - Level 0.8 Dodging
 + Level 2.6 Unarmed Combat


You had 2 spell levels left.
You didn't know any spells.

Dungeon Overview and Level Annotations

Branches:
Dungeon (2/27)

Altars:


Innate Abilities, Weirdness & Mutations

You are partially covered in slimy green scales (AC +2).


Message History

* * * LOW HITPOINT WARNING * * *
You feel sick.
* * * LOW HITPOINT WARNING * * *
You feel sick.
* * * LOW HITPOINT WARNING * * *
You feel sick.
Drink which item? (? for menu, Esc to quit)
You suddenly lose the ability to move!
It was a potion of paralysis.
* * * LOW HITPOINT WARNING * * *
You feel sick.
* * * LOW HITPOINT WARNING * * *
You feel sick.
* * * LOW HITPOINT WARNING * * *
You feel sick.
* * * LOW HITPOINT WARNING * * *
You feel sick.
* * * LOW HITPOINT WARNING * * *
You feel sick.
You die...
Xom roars with laughter!

##### ##
#####.#.###################.##
#..........%.@...............#
#.###.#.########.##### #.....(
####.###.#.# #....(.
...........# #.##..#
...#.###.#.## #..# ...#.#
#....# ##.%. ...#.# #.#.##
#.... ...#.###.#.# #...#
.........#.# . #...#


There were no monsters in sight!

Vanquished Creatures
  A giant mite (D:1)
  2 giant geckos
  A ball python (D:1)
  4 bats (D:1)
  A giant cockroach (D:2)
  3 goblins
  3 hobgoblins (D:2)
  3 giant newts (D:2)
  7 kobolds
  3 rats
28 creatures vanquished.

Notes
Turn   | Place    | Note
--------------------------------------------------------------
     0 | D:1      | Rycklaryybbe, the Demonspawn Chaos Knight, began the quest for the Orb.
     0 | D:1      | Reached XP level 1. HP: 16/16 MP: 1/1
   131 | D:1      | Reached skill level 1 in Unarmed Combat
   339 | D:1      | Reached XP level 2. HP: 8/22 MP: 2/2
   934 | D:2      | Gained mutation: You are partially covered in slimy green scales (AC +2). [demonic ancestry]
   934 | D:2      | Reached XP level 3. HP: 25/28 MP: 3/3
  1038 | D:2      | XOM: miscast effect
  1211 | D:2      | Paralysed by a potion of paralysis for 7 turns
  1214 | D:2      | HP: 1/28 [poisoned by a kobold]
  1216 | D:2      | Succumbed to a kobold's poison

Action                   || total
-------------------------++-------
Melee: Hand axe          ||    44
       Dagger            ||    40
  Use: Potion            ||     1
 Stab: Distracted        ||     1
